Map: Tropical Sacrifice

Players

Dolan

  • Race: Terran Terran
  • Spawn Location: 7:00

Future - Winner!

  • Race: Terran Terran
  • Spawn Location: 1:00

Event: DreamHack SC2 Masters 2022 Atlanta (Offline)

VOD

Have the link to the VOD?

Description

Time

  • Played on: Nov. 18, 2022, 4:48 p.m.
  • Length: 7:24

All games in this series

Show
View Real Time Build Order
Export as new Build Order

Dolan Terran 

Build Orders:  

Get SALT Encoding   

  12  0:00  SCV  
  13  0:12  SCV  
  14  0:17  Supply Depot  
  14  0:24  SCV  
  15  0:39  SCV  
  15  0:40  Barracks  
  16  0:44  Refinery  
  16  0:51  SCV  
  16  0:54  Refinery  
  17  1:04  SCV  
  18  1:16  SCV  
  19  1:27  Reaper  
  19  1:28  Orbital Command  
  19  1:30  Supply Depot  
  20  1:44  Factory  
  20  1:54  SCV  
  21  2:04  Barracks Reactor  
  21  2:06  SCV  
  22  2:18  SCV  
  23  2:30  Hellion  
  23  2:31  Command Center  
  23  2:32  SCV  
  26  2:40  Reaper x2  
  28  2:44  SCV  
  29  2:51  Supply Depot  
  29  2:52  Hellion  
  30  3:11  SCV, Starport  
  31  3:16  Reaper x2  
  33  3:21  Hellion  
  33  3:24  SCV  
  36  3:37  SCV  
  31  3:56  Factory Tech Lab, Starport Tech Lab, Marine x2  
  31  3:57  SCV, Orbital Command  
  34  4:05  Refinery  
  34  4:08  Refinery  
  34  4:09  SCV  
  33  4:31  Raven, Marine x2  
  31  4:32  Siege Tank  
  31  4:34  SCV x2  
  31  4:36  Starport  
  39  4:46  SCV  
  39  4:47  SCV  
  39  4:49  Marine x2  
  43  4:55  Supply Depot  
  43  4:58  SCV  
  43  4:59  SCV  
  43  5:06  Marine x2  
  45  5:09  Siege Tank  
  48  5:14  Raven  
  48  5:16  SCV x2  
  48  5:20  Supply Depot  
  52  5:29  Viking x2  
  52  5:32  SCV x2  
  52  5:35  Supply Depot  
  58  5:37  Barracks Reactor  
  58  5:41  Siege Tank  
  61  5:44  SCV x2  
  63  5:56  SCV x2  
  65  5:59  Viking x2  
  65  6:02  Supply Depot  
  69  6:08  SCV x2  
  71  6:13  Siege Tank  
  71  6:15  Viking x2  
  78  6:24  Supply Depot, SCV x2  
  80  6:27  Supply Depot  
  80  6:29  Marine  
  81  6:34  Viking x2  
  61  6:57  Marine  
  61  6:58  SCV x2  
Show
View Real Time Build Order
Export as new Build Order

Future Terran - Winner!

Build Orders:  

Get SALT Encoding   

  12  0:00  SCV  
  13  0:12  SCV  
  14  0:17  Supply Depot  
  14  0:24  SCV  
  15  0:39  SCV  
  15  0:40  Barracks  
  16  0:44  Refinery  
  16  0:51  SCV  
  16  0:55  Refinery  
  17  1:03  SCV  
  18  1:15  SCV  
  19  1:27  Reaper, Orbital Command  
  20  1:39  Supply Depot  
  20  1:42  Factory  
  20  1:52  SCV  
  21  1:59  Reaper  
  22  2:04  SCV  
  23  2:17  SCV  
  24  2:24  Command Center  
  24  2:29  Hellion, SCV  
  27  2:32  Reaper  
  28  2:38  Supply Depot  
  28  2:41  SCV  
  29  2:50  Hellion  
  31  2:59  SCV  
  31  3:05  Barracks Reactor, Starport  
  31  3:13  Widow Mine  
  31  3:14  SCV  
  34  3:25  Refinery  
  34  3:26  SCV  
  35  3:34  Factory Tech Lab  
  35  3:36  Orbital Command  
  35  3:38  SCV  
  36  3:47  Marine  
  36  3:48  Marine  
  34  3:50  SCV  
  34  3:54  Cyclone  
  34  3:55  Starport Tech Lab  
  36  4:02  SCV  
  35  4:04  SCV  
  35  4:05  Marine x2  
  38  4:15  Raven  
  38  4:16  SCV  
  41  4:23  Marine  
  40  4:25  SCV  
  40  4:29  SCV  
  39  4:31  Siege Tank  
  39  4:36  Marine  
  43  4:39  SCV  
  43  4:41  SCV, Marine  
  43  4:44  Refinery  
  46  4:47  Starport  
  46  4:51  SCV  
  47  4:53  SCV  
  47  4:57  Supply Depot  
  50  5:03  SCV, Siege Tank  
  50  5:06  SCV  
  53  5:17  Supply Depot, SCV  
  53  5:18  Viking x2  
  53  5:19  SCV  
  59  5:25  Viking  
  61  5:28  Supply Depot  
  61  5:30  SCV  
  62  5:38  SCV, Siege Tank  
  62  5:42  Supply Depot  
  66  5:49  Viking  
  68  5:50  Viking  
  68  5:52  SCV  
  68  5:54  SCV  
  68  5:56  Marine  
  73  5:59  Viking  
  75  6:05  Supply Depot  
  75  6:07  Supply Depot, SCV  
  75  6:08  SCV  
  77  6:12  Siege Tank  
  77  6:14  Marine  
  81  6:19  SCV  
  81  6:20  SCV  
  81  6:24  Viking  
  85  6:27  Viking  
  85  6:32  Viking  
  89  6:42  Supply Depot  
  85  6:58  Barracks Reactor, Supply Depot  
  85  6:59  Supply Depot  
Tags
 
Add a new tag
Caveats
  • Supply blocks, unpowered buildings, or Contaminate may cause inaccurate times.
  • Supply counts are checked every 10 seconds.